[Event "Late-Titled-Tuesday-Blitz-June-25-2024"]
[Site "Chess.com"]
[Date "2024.06.25"]
[Round "1"]
[White "JERO-8914"]
[Black "arenal72"]
[Result "0-1"]
[WhiteElo "2416"]
[BlackElo "2709"]
[TimeControl "180+1"]
[EndTime "14:02:13 PDT"]
[Termination "arenal72 won by resignation"]

1. d4 d6 2. Nf3 Nf6 3. c4 g6 4.
Nc3 Bf5 5. Nh4 Bd7 6. e4 e5 7.
Nf3 exd4 8. Nxd4 Bg7 9. Be2 O-O 10. Be3 Nc6 11. O-O Re8 12. f3 Nh5 13. Qd2 Nxd4 14. Bxd4 Nf4 15. Bxg7 Qg5 0-1

[Event "Late-Titled-Tuesday-Blitz-June-25-2024"]
[Site "Chess.com"]
[Date "2024.06.25"]
[Round "1"]
[White "ChadBiryani"]
[Black "Msb2"]
[Result "0-1"]
[WhiteElo "2519"]
[BlackElo "3082"]
[TimeControl "180+1"]
[EndTime "14:02:18 PDT"]
[Termination "Msb2 won by resignation"]

1. c4 e6 2. g3 d5 3. Bg2 Nf6 4. Nf3 Nc6 5. O-O Bd6 6. b3 O-O 7. Bb2 d4 8. Nxd4 Nxd4 9. Bxd4 Bxg3 10. Bxf6 Qxf6 11. Nc3 Be5 12. Rc1 Qf4 13. Re1 Qxh2+ 14. Kf1 Rd8 15. e3 Bxc3 16. Rxc3 e5 17. Qf3 Rxd2 18.
Rd1 Rxd1+ 19. Qxd1 Bh3 20. Qf3 Qh1+ 0-1

[Event "Late-Titled-Tuesday-Blitz-June-25-2024"]
[Site "Chess.com"]
[Date "2024.06.25"]
[Round "1"]
[White "Orest_Vovk"]
[Black "Kaslask"]
[Result "0-1"]
[WhiteElo "2568"]
[BlackElo "2237"]
[TimeControl "180+1"]
[EndTime "14:02:22 PDT"]
[Termination "Kaslask won by checkmate"]

1. h4 d5 2. h5 e5 3. h6 Nxh6 4. d4 Nc6 5. Bxh6 gxh6 6. dxe5 Nxe5 7. Nf3 Nxf3+ 8. gxf3 Bg7 9. Nc3 c6 10. e4 dxe4 11. Qxd8+ Kxd8 12. O-O-O+ Kc7 13. Nxe4 Be6 14. Bh3 Bd5 15. Bf5 Rad8 16. Rdg1 Be5 17. Kb1 Bf4 18. Rg4 Bxe4 19. Rxf4 Bxf5 20. Rxf5 Rd7 21. Rxh6 Rd1# 0-1

[Event "Late-Titled-Tuesday-Blitz-June-25-2024"]
[Site "Chess.com"]
[Date "2024.06.25"]
[Round "1"]
[White "anthonydrayton"]
[Black "Slovineanu"]
[Result "0-1"]
[WhiteElo "2103"]
[BlackElo "2550"]
[TimeControl "180+1"]
[EndTime "14:02:26 PDT"]
[Termination "Slovineanu won by checkmate"]

1. e4 c6 2. d4 d5 3. exd5 cxd5 4. c4 Nf6 5. Nc3 e6 6. Nf3 Bb4 7. Be2 dxc4 8. O-O O-O 9. Bxc4 b6 10. Qb3 Bxc3 11.
bxc3 Bb7 12. Ne5 Nc6 13. Bg5 Na5 14. Qb4 Nxc4 15. Qxc4 Rc8 16. Qb3 Qd5 17. Bxf6 Qxg2# 0-1

[Event "Late-Titled-Tuesday-Blitz-June-25-2024"]
[Site "Chess.com"]
[Date "2024.06.25"]
[Round "1"]
[White "enriquebutti"]
[Black "Pedrada88"]
[Result "0-1"]
[WhiteElo "2182"]
[BlackElo "2562"]
[TimeControl "180+1"]
[EndTime "14:02:30 PDT"]
[Termination "Pedrada88 won by resignation"]

1. d4 d5 2. c4 e6 3. Nf3 Nf6 4. Nc3 a6 5. e3 dxc4 6. Bxc4 b5 7.
Bd3 Bb7 8. O-O Nbd7 9. e4 c5 10. d5 exd5 11. exd5 Bd6 12. Re1+ Kf8 13. Bg5 h6 14. Bh4 g5 15. Nxg5 hxg5 16. Bxg5 Bxh2+ 17. Kf1 Be5 18. Qf3 Qc7 0-1

[Event "Late-Titled-Tuesday-Blitz-June-25-2024"]
[Site "Chess.com"]
[Date "2024.06.25"]
[Round "1"]
[White "Durarbayli"]
[Black "Road2GM3000"]
[Result "1-0"]
[WhiteElo "2955"]
[BlackElo "2503"]
[TimeControl "180+1"]
[EndTime "14:02:32 PDT"]
[Termination "Durarbayli won by resignation"]

1. e4 c5 2. Nf3 d6 3. d4 cxd4 4.
Nxd4 Nf6 5. Nc3 a6 6. Be2 e5 7. Nb3 Be7 8. h4 Be6 9. f4 exf4 10. Bxf4 Nc6 11. Qd2 O-O 12. O-O-O Ne5 13. h5 Rc8 14.
h6 g6 15. Qe3 Qc7 16. Kb1 b5 17. a3 Nfd7 18. Bg5 Nb6 19. Bxe7 Nbc4 20. Bxc4 Nxc4 21. Qd4 1-0

[Event "Late-Titled-Tuesday-Blitz-June-25-2024"]
[Site "Chess.com"]
[Date "2024.06.25"]
[Round "1"]
[White "Murad_Ibrahimli"]
[Black "Romadk"]
[Result "1-0"]
[WhiteElo "2888"]
[BlackElo "2493"]
[TimeControl "180+1"]
[EndTime "14:02:34 PDT"]
[Termination "Murad_Ibrahimli won by resignation"]

1. c4 e5 2. Nc3 Nc6 3. g3 f5 4. Bg2 Nf6 5. e3 d6 6. Nge2 g6 7. d4 e4 8. O-O Bg7 9. Rb1 O-O 10.
b4 Qe8 11. b5 Nd8 12. a4 g5 13. f3 exf3 14. Bxf3 Ne6 15. Bg2 Qh5 16. Nd5 Ng4 17. h3 Nf6 18. Nec3 Qg6 19. Ne7+ 1-0

[Event "Late-Titled-Tuesday-Blitz-June-25-2024"]
[Site "Chess.com"]
[Date "2024.06.25"]
[Round "1"]
[White "Gzucaritas"]
[Black "AGW2016"]
[Result "0-1"]
[WhiteElo "2003"]
[BlackElo "2543"]
[TimeControl "180+1"]
[EndTime "14:02:45 PDT"]
[Termination "AGW2016 won by resignation"]

1. e4 e5 2. Nf3 Nc6 3. d4 exd4 4. Nxd4 Nf6 5. Nxc6 bxc6 6. e5 Nd5 7. c4 Nb6 8.
Nc3 Bb4 9. Bd2 O-O 10. Bd3 Re8 11. O-O Rxe5 12. a3 Bf8 13. Ne4 h6 14. Bc3 Re8 15. Qg4 d5 16. Nf6+ Qxf6 17. Qg3 d4 18. Bd2 Bd6 19. Qh3 Bxh3 20. gxh3 Qf3 0-1

[Event "Late-Titled-Tuesday-Blitz-June-25-2024"]
[Site "Chess.com"]
[Date "2024.06.25"]
[Round "1"]
[White "BerlinDrawer"]
[Black "LidongW"]
[Result "1-0"]
[WhiteElo "2637"]
[BlackElo "2345"]
[TimeControl "180+1"]
[EndTime "14:02:48 PDT"]
[Termination "BerlinDrawer won by resignation"]

1. e4 e5 2. Nf3 Nc6 3. Bb5 Nf6 4. O-O Nxe4 5. Re1 Nd6 6. Nxe5 Nxe5 7. Rxe5+ Be7 8.
Bf1 O-O 9. d4 Bf6 10. Bd3 g6 11. Nc3 Re8 12. Bf4 c6 13. Qf3 Re6 14. Rxe6 1-0

[Event "Late-Titled-Tuesday-Blitz-June-25-2024"]
[Site "Chess.com"]
[Date "2024.06.25"]
[Round "1"]
[White "ReadySkate"]
[Black "Rakitic2010"]
[Result "1-0"]
[WhiteElo "2834"]
[BlackElo "2475"]
[TimeControl "180+1"]
[EndTime "14:03:02 PDT"]
[Termination "ReadySkate won by resignation"]

1. d4 Nf6 2. c4 e6 3. Nc3 Bb4 4. a3 Bxc3+ 5. bxc3 c5 6. f3 d6 7. e4 e5 8. Bd3 O-O 9. Ne2 Nc6 10. O-O b6 11.
Bg5 h6 12. Bh4 Ba6 13. f4 exf4 14. Nxf4 g5 15. Bg3 gxf4 16. Bh4 cxd4 17. Rxf4 Qd7 18. Bxf6 Ne5 19. Qh5 Kh7 20. Rh4 Ng4 21.
e5+ Kg8 22. Rxg4+ 1-0

[Event "Late-Titled-Tuesday-Blitz-June-25-2024"]
[Site "Chess.com"]
[Date "2024.06.25"]
[Round "1"]
[White "Bugcrusher"]
[Black "Dyadya81"]
[Result "0-1"]
[WhiteElo "2453"]
[BlackElo "2784"]
[TimeControl "180+1"]
[EndTime "14:03:11 PDT"]
[Termination "Dyadya81 won by resignation"]

1. d4 Nf6 2. c4 g6 3. Nf3 Bg7 4. e3 O-O 5. Be2 c5 6. dxc5 Na6 7. Nc3 Nxc5 8. O-O d6 9. Nd4 a6 10. b3 e5 11. Nf3 Bf5 12. Bb2 Re8 13. Nd5 Nxd5 14. Qxd5 e4 15. Nd4 Re5 16. Nxf5 Rxd5 17. Nxg7 Rd2 0-1

[Event "Late-Titled-Tuesday-Blitz-June-25-2024"]
[Site "Chess.com"]
[Date "2024.06.25"]
[Round "1"]
[White "KNVB"]
[Black "CoachVadim"]
[Result "1-0"]
[WhiteElo "2701"]
[BlackElo "2405"]
[TimeControl "180+1"]
[EndTime "14:03:11 PDT"]
[Termination "KNVB won by resignation"]

1. d4 d5 2. Bf4 Nf6 3. e3 e6 4.
Nf3 Bd6 5. Nbd2 c5 6. c3 Qc7 7.
Bxd6 Qxd6 8. Ne5 O-O 9. f4 Nbd7 10. Bd3 b6 11. O-O Bb7 12. Qf3 c4 13. Bxc4 dxc4 14.
Qxb7 Rfb8 15. Ndxc4 Rxb7 16. Nxd6 Rc7 17. Ndxf7 Nd5 18.
Nxd7 Rxd7 19. Ne5 Rc7 20. Rfe1 b5 21. Kf2 a5 22. g3 a4 23. a3 Nf6 24. Kf3 h5 25. h3 Rd8 26. g4 1-0

[Event "Late-Titled-Tuesday-Blitz-June-25-2024"]
[Site "Chess.com"]
[Date "2024.06.25"]
[Round "1"]
[White "Chempiblinka"]
[Black "GP9isback23"]
[Result "1-0"]
[WhiteElo "2418"]
[BlackElo "2684"]
[TimeControl "180+1"]
[EndTime "14:03:13 PDT"]
[Termination "Chempiblinka won by resignation"]

1. Nf3 Nf6 2. g3 b6 3. Bg2 Bb7 4. O-O e6 5. c4 Be7 6. Nc3 O-O 7. b3 d5 8. cxd5 Nxd5 9. Bb2 Nd7 10. Qc2 c5 11. Rad1 Rc8 12. Qb1 Nxc3 13. Bxc3 Qc7 14. d4 Bf6 15. e4 cxd4 16. Bxd4 Bxd4 17. Nxd4 a6 18. h4 Rfd8 19. h5 h6 20. Bh3 Nf6 21. Nxe6 Kh8 22. Nxc7 1-0

[Event "Late-Titled-Tuesday-Blitz-June-25-2024"]
[Site "Chess.com"]
[Date "2024.06.25"]
[Round "1"]
[White "Jarming"]
[Black "duone"]
[Result "1-0"]
[WhiteElo "2705"]
[BlackElo "2411"]
[TimeControl "180+1"]
[EndTime "14:03:16 PDT"]
[Termination "Jarming won by resignation"]

1. d4 Nf6 2. c4 e6 3. Nc3 d5 4. Nf3 c5 5. cxd5 cxd4 6. Qxd4 Nc6 7. dxc6 Qxd4 8. Nxd4 bxc6 9. g3 Bd6 10. Bg2 O-O 11. Nxc6 Bb7 12. Ne7+ Bxe7 13. Bxb7 Rab8 14. Bf3 Rfc8 15.
O-O Bb4 16. Bf4 Rb6 17. Na4 Rb5 18. Rac1 Rxc1 19. Rxc1 h6 20. b3 g5 21. Be3 g4 22. Bc6 Rh5 23. Kg2 Nd5 24. Rc4 Nxe3+ 25. fxe3 Bd6 26. Rxg4+ Kh7 27. Rh4 Re5 28. Re4 Rf5 29.
Rd4 Ba3 30. Be4 1-0

[Event "Late-Titled-Tuesday-Blitz-June-25-2024"]
[Site "Chess.com"]
[Date "2024.06.25"]
[Round "1"]
[White "Perecke"]
[Black "GM_dmitrij"]
[Result "0-1"]
[WhiteElo "2509"]
[BlackElo "2990"]
[TimeControl "180+1"]
[EndTime "14:03:17 PDT"]
[Termination "GM_dmitrij won by resignation"]

1. d4 Nf6 2. c4 e6 3. Nf3 d5 4.
Nc3 Nbd7 5. Bg5 h6 6. Bh4 Be7 7. e3 O-O 8. c5 Ne4 9. Bxe7 Qxe7 10. Nxe4 dxe4 11. Nd2 Nf6 12. Qc2 e5 13. dxe5 Qxe5 14. Be2 Be6 15. h3 Rfd8 16. O-O Rd5 17. b4 Rad8 18.
Rfd1 Rxd2 19. Rxd2 Qxa1+ 20. Kh2 Qe5+ 21. g3 Rxd2 22. Qxd2 Qd5 23. Qc2 Qxa2 0-1

[Event "Late-Titled-Tuesday-Blitz-June-25-2024"]
[Site "Chess.com"]
[Date "2024.06.25"]
[Round "1"]
[White "aeiiuu"]
[Black "gabduschew"]
[Result "0-1"]
[WhiteElo "2651"]
[BlackElo "2397"]
[TimeControl "180+1"]
[EndTime "14:03:23 PDT"]
[Termination "gabduschew won by resignation"]

1. e4 e5 2. Nf3 Nf6 3. Nxe5 Nxe4 4. Qe2 Qe7 5. Qxe4 d6 6. d4 dxe5 7. dxe5 Nc6 8. Bb5 Bd7 9. O-O O-O-O 10. Bf4 g5 11. Bg3 f5 12. Qa4 f4 13. Bxc6 Bxc6 14. Qxa7 Qxe5 15. Nc3 fxg3 16. Rad1 gxf2+ 17. Kh1 Rxd1 18. Rxd1 0-1

[Event "Late-Titled-Tuesday-Blitz-June-25-2024"]
[Site "Chess.com"]
[Date "2024.06.25"]
[Round "1"]
[White "Onthequiet"]
[Black "rhungaski"]
[Result "0-1"]
[WhiteElo "2317"]
[BlackElo "2620"]
[TimeControl "180+1"]
[EndTime "14:03:25 PDT"]
[Termination "rhungaski won by resignation"]

1. d4 Nf6 2. Nf3 d5 3. c4 e6 4. Nc3 Be7 5. Bf4 O-O 6. e3 c5 7.
dxc5 Bxc5 8. a3 Nc6 9. Rc1 Be7 10. cxd5 Nxd5 11. Bg3 Bf6 12. Nxd5 exd5 13. Rc2 d4 14.
Bb5 Bf5 15. Bxc6 Bxc2 16. Qxc2 bxc6 17. Qxc6 dxe3 18. b4 Rc8 0-1

[Event "Late-Titled-Tuesday-Blitz-June-25-2024"]
[Site "Chess.com"]
[Date "2024.06.25"]
[Round "1"]
[White "mostafa_sakha"]
[Black "Hamisandwich"]
[Result "0-1"]
[WhiteElo "2446"]
[BlackElo "2756"]
[TimeControl "180+1"]
[EndTime "14:03:28 PDT"]
[Termination "Hamisandwich won by resignation"]

1. d4 d5 2. c4 dxc4 3. e3 e6 4. Bxc4 Nf6 5. Nf3 a6 6. O-O b5 7. Bb3 Bb7 8. a4 b4 9. Nbd2 Nbd7 10. Nc4 c5 11. dxc5 Nxc5 12. Qxd8+ Rxd8 13. Na5 Nxb3 14. Nxb3 Bd5 15. Nbd4 Ne4 16. Nd2 Nc5 17. N2f3 f6 18.
Bd2 e5 19. Bxb4 exd4 20. exd4 Nd3 21. Bc3 Bxf3 22. gxf3 Bd6 23. Rfd1 Nf4 24. b4 Ne2+ 0-1

[Event "Late-Titled-Tuesday-Blitz-June-25-2024"]
[Site "Chess.com"]
[Date "2024.06.25"]
[Round "1"]
[White "s-dshubin"]
[Black "rockstar0902"]
[Result "0-1"]
[WhiteElo "2302"]
[BlackElo "2610"]
[TimeControl "180+1"]
[EndTime "14:03:29 PDT"]
[Termination "rockstar0902 won by checkmate"]

1. e4 e5 2. Nf3 Nc6 3. Bc4 Nf6 4.
Nc3 Nxe4 5. Nxe4 d5 6. Qe2 dxc4 7. Qxc4 Be6 8. Qb5 a6 9. Qa4 b5 10. Nf6+ gxf6 11. Qe4 Bd5 12. Qe2 Qd7 13. d4 Qg4 14. dxe5 Qxg2 15. exf6+ Kd8 16. Bf4 Qxh1+ 17. Kd2 Qxf3 18.
Qxf3 Bxf3 19. Re1 Bd6 20. Bh6 Re8 21. Rg1 Kd7 22. Rg7 Re2+ 23. Kd3 Ne5+ 24. Kc3 b4+ 25. Kb3 Bd5+ 26. c4 Bxc4+ 27. Ka4 Rxb2 28. f4 Rxa2# 0-1

[Event "Late-Titled-Tuesday-Blitz-June-25-2024"]
[Site "Chess.com"]
[Date "2024.06.25"]
[Round "1"]
[White "simaopdias"]
[Black "TERMINATOR_PC"]
[Result "0-1"]
[WhiteElo "2229"]
[BlackElo "2590"]
[TimeControl "180+1"]
[EndTime "14:03:30 PDT"]
[Termination "TERMINATOR_PC won by checkmate"]

1. e4 c6 2. d4 d5 3. exd5 cxd5 4. c4 Nf6 5. Nc3 e6 6. Nf3 Bb4 7. Qb3 Nc6 8. Bg5 O-O 9. cxd5 exd5 10. O-O-O Be6 11. Kb1 Bxc3 12. Bxf6 Qxf6 13. Qxc3 Rac8 14. Qd2 Bf5+ 15. Ka1 a5 16. a3 Nb4 17. axb4 axb4 18. Bd3 Ra8+ 19. Kb1 Qa6 20. Bxf5 b3 21. Kc1 Rfc8+ 22.
Bxc8 Qa1# 0-1

[Event "Late-Titled-Tuesday-Blitz-June-25-2024"]
[Site "Chess.com"]
[Date "2024.06.25"]
[Round "1"]
[White "randy296"]
[Black "Ykow"]
[Result "0-1"]
[WhiteElo "2072"]
[BlackElo "2548"]
[TimeControl "180+1"]
[EndTime "14:03:36 PDT"]
[Termination "Ykow won by resignation"]

1. b3 e5 2. Bb2 Nc6 3. e3 d5 4. Nf3 e4 5. Nd4 Qf6 6. Bb5 Bd7 7. Bxc6 bxc6 8. Nc3 Qg6 9. Kf1 Nf6 10. h4 h5 11.
Nce2 Bd6 12. Nf4 Qh6 13. g3 c5 14. Nde2 Rg8 15. Bxf6 Qxf6 16. Nxd5 Qf3 17. Nef4 Qxh1+ 18. Ke2 Bg4+ 0-1

[Event "Late-Titled-Tuesday-Blitz-June-25-2024"]
[Site "Chess.com"]
[Date "2024.06.25"]
[Round "1"]
[White "chegueps"]
[Black "ural58"]
[Result "1-0"]
[WhiteElo "2680"]
[BlackElo "2395"]
[TimeControl "180+1"]
[EndTime "14:03:45 PDT"]
[Termination "chegueps won on time"]

1. d4 d5 2. Nf3 Nc6 3. g3 Bf5 4. Bg2 Nb4 5. Na3 e6 6. O-O h6 7. c3 Nc6 8. b4 Bd6 9. b5 Nce7 10.
c4 Bxa3 11. Bxa3 dxc4 12. Ne5 1-0

[Event "Late-Titled-Tuesday-Blitz-June-25-2024"]
[Site "Chess.com"]
[Date "2024.06.25"]
[Round "1"]
[White "Gabrielian_Artur"]
[Black "Quattroporte300"]
[Result "1-0"]
[WhiteElo "2726"]
[BlackElo "2429"]
[TimeControl "180+1"]
[EndTime "14:03:52 PDT"]
[Termination "Gabrielian_Artur won by checkmate"]

1. e4 c5 2. Nf3 d6 3. d4 cxd4 4. Nxd4 Nf6 5. Nc3 a6 6. Bc4 Nbd7 7. Bg5 b5 8. Bd5 Nxd5 9. exd5 Nf6 10. Bxf6 gxf6 11. O-O Bd7 12. Re1 Bg7 13. Qh5 O-O 14. Re3 Rc8 15. Rae1 Re8 16. Rg3 Kh8 17. Re4 f5 18.
Rh4 h6 19. Qxh6+ Bxh6 20. Rxh6# 1-0

[Event "Late-Titled-Tuesday-Blitz-June-25-2024"]
[Site "Chess.com"]
[Date "2024.06.25"]
[Round "1"]
[White "jens1102"]
[Black "carloseduar100"]
[Result "1-0"]
[WhiteElo "2608"]
[BlackElo "2293"]
[TimeControl "180+1"]
[EndTime "14:03:57 PDT"]
[Termination "jens1102 won by resignation"]

1. e4 e6 2. d4 d5 3. exd5 exd5 4. Nf3 Bd6 5. h3 Ne7 6. Bd3 O-O 7. O-O Nbc6 8. c3 Bf5 9. Re1 a6 10. Bg5 f6 11.
Be3 Qd7 12. Bxf5 Nxf5 13. Nbd2 Rae8 14. Nf1 Re4 15. N3d2 Re7 16. Qg4 Rfe8 17. h4 Nb8 18. Qf3 c6 19. h5 g6 20. g4 Nxe3 21. Rxe3 gxh5 22. gxh5 Rg7+ 23. Kh1 Rxe3 24. Nxe3 Qf7 25. Nf5 Rg5 26. Nh6+ Kg7 27. Nxf7 Kxf7 28. Rg1 1-0

[Event "Late-Titled-Tuesday-Blitz-June-25-2024"]
[Site "Chess.com"]
[Date "2024.06.25"]
[Round "1"]
[White "newyorkmouse"]
[Black "osielchesslover2011"]
[Result "0-1"]
[WhiteElo "2544"]
[BlackElo "2190"]
[TimeControl "180+1"]
[EndTime "14:03:57 PDT"]
[Termination "osielchesslover2011 won by resignation"]

1. g3 c5 2. Bg2 d5 3. Nf3 Nc6 4. c4 d4 5. e3 e5 6. exd4 cxd4 7.
d3 Nf6 8. a3 Bf5 9. b4 Bd6 10.
Bg5 h6 11. Bxf6 Qxf6 12. O-O a5 13. b5 Ne7 14. Qc2 b6 15. Nxd4 Rc8 16. Ba8 exd4 17. Bg2 O-O 18. Nd2 Ng6 19. Rfe1 Rfe8 20. f4 Re3 21.
Ne4 Bxe4 22. dxe4 d3 23. Qd2 Rxe1+ 24. Rxe1 Qd4+ 25. Kh1 Rxc4 26. e5 Bxa3 27. h4 Bb4 0-1

[Event "Late-Titled-Tuesday-Blitz-June-25-2024"]
[Site "Chess.com"]
[Date "2024.06.25"]
[Round "1"]
[White "Renatoforf"]
[Black "el_sporco"]
[Result "1-0"]
[WhiteElo "2133"]
[BlackElo "2535"]
[TimeControl "180+1"]
[EndTime "14:03:59 PDT"]
[Termination "Renatoforf won by resignation"]

1. e4 e5 2. Nc3 Nf6 3. Bc4 Bc5 4. d3 O-O 5. f4 d6 6. Nf3 Ng4 7. Ng5 h6 8. f5 Nf2 9. Qh5 hxg5 10.
Bxg5 Qe8 11. Rf1 c6 12. Rxf2 d5 13. Rf3 g6 14. Qh6 f6 15. Rh3 1-0

[Event "Late-Titled-Tuesday-Blitz-June-25-2024"]
[Site "Chess.com"]
[Date "2024.06.25"]
[Round "1"]
[White "ahmedkandiliii"]
[Black "XDPS"]
[Result "0-1"]
[WhiteElo "2472"]
[BlackElo "2831"]
[TimeControl "180+1"]
[EndTime "14:04:04 PDT"]
[Termination "XDPS won by resignation"]

1. e4 c5 2. Nc3 e6 3. Nf3 a6 4. d4 cxd4 5. Nxd4 Qc7 6. g3 b5 7. Bg2 Bb7 8. a3 d6 9. O-O Nf6 10. Be3 Nbd7 11. h3 Be7 12. Kh2 O-O 13. f4 Nc5 14. e5 dxe5 15. fxe5 Nfd7 16. Bf4 Bxg2 17. Kxg2 Rad8 18. Qe2 Nb6 19. Kh2 Rxd4 20. Be3 Rd7 21. Rad1 Rxd1 22. Rxd1 Nc4 23. Bg1 Nxb2 24. Rd4 Nca4 25. Ne4 Nc3 26. Qh5 Nxe4 27. Rxe4 g6 28. Re2 gxh5 0-1

[Event "Late-Titled-Tuesday-Blitz-June-25-2024"]
[Site "Chess.com"]
[Date "2024.06.25"]
[Round "1"]
[White "SebbyMeister"]
[Black "SaqoChess_Twitch"]
[Result "0-1"]
[WhiteElo "2234"]
[BlackElo "2592"]
[TimeControl "180+1"]
[EndTime "14:04:04 PDT"]
[Termination "SaqoChess_Twitch won by resignation"]

1. e4 c5 2. Nf3 d6 3. d4 cxd4 4. Nxd4 Nf6 5. Nc3 g6 6. f3 Bg7 7. Be3 O-O 8. Qd2 Nc6 9. Bc4 Bd7 10. O-O-O Rc8 11. Bb3 Nxd4 12. Bxd4 b5 13. Nd5 Nxd5 14. Bxg7 Kxg7 15. exd5 a5 16. a3 b4 17. a4 Qe8 18.
Kb1 Bxa4 19. Bxa4 Qxa4 20. b3 Qb5 21. h4 h5 22. g4 a4 23. gxh5 axb3 24. cxb3 Rc3 25.
Qb2 Ra8 26. Rc1 Qd3+ 27. Rc2 Ra3 0-1

[Event "Late-Titled-Tuesday-Blitz-June-25-2024"]
[Site "Chess.com"]
[Date "2024.06.25"]
[Round "1"]
[White "theredking89"]
[Black "KVAIDAN"]
[Result "1-0"]
[WhiteElo "2736"]
[BlackElo "2434"]
[TimeControl "180+1"]
[EndTime "14:04:06 PDT"]
[Termination "theredking89 won by resignation"]

1. e4 e5 2. Nf3 d5 3. d4 dxe4 4. Nxe5 Bd6 5. Nc4 Nf6 6. Nc3 Nc6 7. Be3 Bg4 8. Be2 Bxe2 9. Qxe2 Qd7 10. O-O-O O-O 11. Bg5 Be7 12. Bxf6 Bxf6 13. Nxe4 Bxd4 14. c3 Rfe8 15. cxd4 f5 16. Ne5 Nxe5 17. dxe5 Qc6+ 18.
Nc3 Qxg2 19. Rhg1 Qxh2 20. Qc4+ Kh8 21. f4 c6 22. Kb1 Rad8 23. Qf7 Qh6 24. Rd7 Rg8 25.
Rxg7 Qxg7 26. Qxg7+ Rxg7 27. Rxd8+ Rg8 28. Rxg8+ Kxg8 29. Kc2 Kf7 30. Kd3 Ke6 31. Ke3 b5 32. Kf3 a5 33.
Kg3 1-0

[Event "Late-Titled-Tuesday-Blitz-June-25-2024"]
[Site "Chess.com"]
[Date "2024.06.25"]
[Round "1"]
[White "nitpicker"]
[Black "FloMasterAAK"]
[Result "0-1"]
[WhiteElo "2329"]
[BlackElo "2626"]
[TimeControl "180+1"]
[EndTime "14:04:10 PDT"]
[Termination "FloMasterAAK won by resignation"]

1. d4 d5 2. c4 dxc4 3. e4 e5 4. Nf3 exd4 5. Bxc4 Bb4+ 6. Nbd2 Nc6 7. Qb3 Nh6 8. O-O O-O 9. h3 Bd6 10. Qd3 a6 11. a3 Be6 12. b4 b5 13. Bd5 Bxd5 14. exd5 Ne7 15. Qxd4 Nxd5 16. Bb2 Nf6 17. Rad1 Nf5 18.
Qd3 Bh2+ 0-1

[Event "Late-Titled-Tuesday-Blitz-June-25-2024"]
[Site "Chess.com"]
[Date "2024.06.25"]
[Round "1"]
[White "jup1978"]
[Black "bubeliang"]
[Result "1/2-1/2"]
[WhiteElo "2469"]
[BlackElo "2791"]
[TimeControl "180+1"]
[EndTime "14:04:14 PDT"]
[Termination "Game drawn by agreement"]

1. d4 d5 2. Nf3 Nf6 3. c4 e6 4. g3 Bb4+ 5. Bd2 a5 6. Bg2 O-O 7. O-O Be7 8. Bf4 c6 9. b3 Nbd7 10. Nc3 b6 11. Qc2 Ba6 12. cxd5 cxd5 13. Qb2 Rc8 14. Rac1 Bb4 15. a3 Bxc3 16. Rxc3 Rxc3 17.
Qxc3 Bxe2 18. Rc1 Ba6 19. Ne5 Qa8 20. Nxd7 Nxd7 21. Qc6 Qxc6 22. Rxc6 Rc8 23. Rxc8+ Bxc8 24. Bf1 Kf8 25. Bb5 e5 26. Bxd7 Bxd7 27. Bxe5 a4 28.
bxa4 Bxa4 29. Bc7 b5 30. Bd6+ Ke8 31. f3 Kd7 32. Bf8 g6 33. Kf2 Ke6 34. g4 f6 35.
h3 Bb3 36. Kg3 Bc4 37. h4 Kf7 38. Bc5 h5 39. gxh5 gxh5 40. Kf4 Be2 41. Bd6 Ke6 42. Bc5 Bd1 43. Bb4 Ba4 44. Bc5 Bd1 45. Bb4 Be2 46. Bc5 Bf1 47. Bb4 Bh3 48. Bc5 Bf5 49. Bb4 Bg6 50. Bc5 Bf7 51. Bb4 Be8 52. Bc5 Bd7 1/2-1/2

[Event "Late-Titled-Tuesday-Blitz-June-25-2024"]
[Site "Chess.com"]
[Date "2024.06.25"]
[Round "1"]
[White "Bob_2004"]
[Black "chess_cryptoworld"]
[Result "0-1"]
[WhiteElo "2737"]
[BlackElo "2460"]
[TimeControl "180+1"]
[EndTime "14:04:21 PDT"]
[Termination "chess_cryptoworld won by resignation"]

1. e4 e5 2. Nf3 Nc6 3. d4 exd4 4. Nxd4 Qf6 5. Be3 Bc5 6. c3 Nge7 7. Bc4 b6 8. O-O O-O 9. Nd2 Nxd4 10. cxd4 Bxd4 11. Qe1 Bxe3 12. Qxe3 Nc6 13. f4 Qd4 14. Rfe1 Bb7 15. Nf3 Qxe3+ 16. Rxe3 Rfe8 17. Ng5 Nd8 18. e5 h6 19. Nf3 Nc6 20. Rd1 Rad8 21. Kf2 Kf8 22. a3 d6 23. exd6 Rxd6 24. Rxd6 cxd6 25. Rd3 Rd8 26. Bd5 Na5 27. Ba2 Ba6 28. Rd1 Bc4 29.
Bb1 Nb3 30. h3 Nc5 31. Ne5 Bb3 32. Rd2 Ne6 33. g3 dxe5 0-1

[Event "Late-Titled-Tuesday-Blitz-June-25-2024"]
[Site "Chess.com"]
[Date "2024.06.25"]
[Round "1"]
[White "scrambleyourbrain"]
[Black "jk13"]
[Result "0-1"]
[WhiteElo "2400"]
[BlackElo "2695"]
[TimeControl "180+1"]
[EndTime "14:04:22 PDT"]
[Termination "jk13 won by resignation"]

1. e4 e5 2. Nf3 Nc6 3. Bb5 a6 4.
Ba4 Nf6 5. O-O b5 6. Bb3 Bc5 7.
c3 d6 8. d4 Bb6 9. a4 Rb8 10.
axb5 axb5 11. Bg5 h6 12. Bxf6 Qxf6 13. Qd3 Bd7 14. Rd1 O-O 15. Na3 Bg4 16. Qxb5 Bxf3 17. gxf3 Ne7 18. Qd3 Ng6 19. dxe5 Nxe5 20. Qd5 Qxf3 21.
Rd2 Qh3 22. Bd1 Ra8 23. Rc1 Ra5 24. Qb3 Nf3+ 25. Bxf3 Rg5+ 0-1

[Event "Late-Titled-Tuesday-Blitz-June-25-2024"]
[Site "Chess.com"]
[Date "2024.06.25"]
[Round "1"]
[White "Defenstrator"]
[Black "Ali_rastbod"]
[Result "0-1"]
[WhiteElo "2423"]
[BlackElo "2717"]
[TimeControl "180+1"]
[EndTime "14:04:28 PDT"]
[Termination "Ali_rastbod won by resignation"]

1. e4 d6 2. d4 g6 3. Nc3 Bg7 4. Bc4 e6 5. Nge2 Ne7 6. O-O O-O 7. Be3 a6 8. a4 d5 9. Bd3 Nbc6 10. Qd2 Nb4 11. Nxd5 Nexd5 12. exd5 Nxd3 13. dxe6 Nxb2 14. exf7+ Rxf7 15. Qb4 Nxa4 16. Qxa4 Kh8 17. c4 Bf5 18. Rad1 Qe8 19. Qb3 b5 20. d5 bxc4 21. Qxc4 Qb5 22. Qh4 Qxe2 0-1

[Event "Late-Titled-Tuesday-Blitz-June-25-2024"]
[Site "Chess.com"]
[Date "2024.06.25"]
[Round "1"]
[White "Alex_Sahakyan2006"]
[Black "arnoldpetra"]
[Result "1-0"]
[WhiteElo "2737"]
[BlackElo "2437"]
[TimeControl "180+1"]
[EndTime "14:04:35 PDT"]
[Termination "Alex_Sahakyan2006 won by resignation"]

1. e4 d6 2. d4 c6 3. Nc3 g6 4. g3 Bg7 5. Bg2 Qb6 6. Nge2 Bg4 7. h3 Bxe2 8. Nxe2 Nd7 9. O-O Ngf6 10. a4 a5 11. Ra3 O-O 12. Rb3 Qc7 13. Be3 e5 14.
dxe5 dxe5 15. Qd3 Rfd8 16. Qc4 b6 17. Rc3 c5 18. Rd3 Nf8 19. Nc3 Ne6 20. Nd5 Nxd5 21.
exd5 Nd4 22. c3 Nf5 23. Bg5 Rd6 24. Re1 h6 25. Bc1 Rad8 26. b3 Qe7 27. h4 Qd7 28. h5 Ne7 29. hxg6 fxg6 30. Qh4 g5 31. Qc4 Kh8 32.
Red1 Rf8 33. Be3 Nf5 34. Qe4 Nxe3 35. Rxe3 Qf5 36. Qxf5 Rxf5 37. Be4 Rf8 38. Kf1 Rdf6 39. Rd2 Rd6 40. Ke2 g4 41. Kd3 h5 42. Ree2 Bh6 43. Rd1 Kg8 44. Rh1 Kg7 45. Rxh5 Rdf6 46. Rh4 Bg5 47. Rxg4 Kh6 48. f4 exf4 49. Rh2+ Kg7 50.
Rh7+ 1-0